AoeStats
← zlk*********************

Black Forest

507540964Analyzed
2v2 RM · 14d ago on Sep 18, 2026· 40m 52s· 4 players
Game mode
Random Map
Map size
Medium (4 player)
Population
200
Speed
Normal
Resources
Standard
Victory
Conquest
Starting age
Dark Age
Ending age
Imperial Age
RankedLock teamsTeams togetherTeam positionsShared explorationLock speedFull tech treeHidden civsTurbo modeCheats
Victory
Defeat
🇳🇱 Goths · Netherlands
889
+15
🇩🇪 Sicilians · Germany
879
+16
🇷🇴 Persians · Romania
891
-16
🇷🇴 Romans · Romania
862
-15
zlk*********************
11:26 Feudal Age
14:49 Double-Bit Axe
16:06 Horse Collar
21:09 Castle Age
28:41 Gold Mining
31:09 Forging
34:56 Imperial Age
36:48 Murder Holes
36:20 Man-at-Arms
37:50 Ballistics
37:10 Long Swordsman
39:46 Legionary
Bogdajjke.
11:41 Feudal Age
18:13 Scale Barding Armor
20:32 Castle Age
20:28 Forging
33:50 Elite Skirmisher
34:37 Thumb Ring
SKAY
0:28 Loom
11:24 Feudal Age
16:39 Castle Age
19:47 Double-Bit Axe
23:54 Horse Collar
29:34 Imperial Age
29:56 Wheelbarrow
29:28 Heavy Plow
31:35 Bow Saw
31:07 Onager
32:31 Conscription
32:47 Anarchy
33:31 Pikeman
34:22 Halberdier
36:51 Squires
dadiron
0:30 Loom
13:40 Feudal Age
26:11 Scale Mail Armor
26:22 Forging
28:41 Double-Bit Axe
33:18 Castle Age
32:31 Wheelbarrow
31:43 Town Watch
33:00 Stone Mining
33:33 Gold Mining
33:36 Fletching
34:31 Chain Mail Armor
34:15 Pikeman
35:17 Bow Saw
Connection lost

Rejoining the realm…

Still unreachable

The connection could not be restored.

Session expired

The server has moved on; the page needs a fresh start.